 Dungeon Crawl Stone Soup version 0.27.0-1-g7a089689b8 (webtiles) character file.

Game seed: 8887021963287610873

4 Leibowitz the Firebug (level 1, 0/14 HPs)
             Began as a Demigod Fire Elementalist on Aug 11, 2021.
             Killed from afar by a dart slug (2 damage)
             ... with a slug dart
             ... on level 1 of the Dungeon.
             The game lasted 00:00:49 (74 turns).

Leibowitz the Firebug (Demigod Fire Elementalist)     Turns: 74, Time: 00:00:49

Health: 0/14       AC:  2    Str:  9    XL:     1   Next: 40%
Magic:  1/5        EV: 12    Int: 17    God:
Gold:   11         SH:  0    Dex: 14    Spells: 2/3 levels left

rFire    . . .     SeeInvis .   (no weapon)
rCold    . . .     Faith    .   (no shield)
rNeg     . . .     Spirit   .   a - +0 robe
rPois    .         Reflect  .   (no helmet)
rElec    .         Harm     .   (no cloak)
rCorr    .         Rampage  .   (no gloves)
Will     .....                  (no boots)
Stlth    ++........             (no amulet)
HPRegen  0.04/turn              (no ring)
MPRegen  0.09/turn              (no ring)

@: no status effects
A: high mp 1, forlorn
a: no special abilities


You were on level 1 of the Dungeon.
You visited 1 branch of the dungeon, and saw 1 of its levels.

You collected 11 gold pieces.

Inventory:

Armour
 a - a +0 robe (worn)


   Skills:
 + Level 2.0 Dodging
 + Level 1.7 Stealth
 + Level 1.8 Spellcasting
 + Level 0.8 Conjurations
 + Level 2.8 Fire Magic


You had 2 spell levels left.
You knew the following spells:

 Your Spells              Type           Power      Damage    Failure   Level
a - Foxfire               Conj/Fire      28%        2x1d5     10%         1

Your spell library contained the following spells:

 Spells                   Type           Power      Damage    Failure   Level
 Conjure Flame            Conj/Fire      7%         6-21      28%         3
 Inner Flame              Hex/Fire       6%         N/A       32%         3
 Sticky Flame             Conj/Fire      7%         2d3       67%         4
 Fireball                 Conj/Fire      3%         3d4       95%         5


Dungeon Overview and Level Annotations

Branches:
Dungeon (1/15)


Innate Abilities, Weirdness & Mutations

Your attributes grow dramatically as you level up.
You have an increased reservoir of magic. (+10% MP)
You shall have no god before yourself.


Message History

The ball python bites you. The ball python constricts you.
Casting: Foxfire (safe; 10% risk of failure)
Confirm with . or Enter, or press ? or * to list all spells.
You conjure some foxfire!
The ball python barely misses you. The ball python constricts you.
The foxfire hits the ball python.
The ball python is heavily wounded.
The ball python misses you. The ball python constricts you.
The ball python's grasp on you weakens, but your attempt to escape fails.
The ball python barely misses you. The ball python constricts you.
You escape the ball python's grasp.
The foxfire hits the ball python.
You kill the ball python!
Casting: Foxfire (safe; 10% risk of failure)
Confirm with . or Enter, or press ? or * to list all spells.
You miscast Foxfire.
You are very lightly contaminated with residual magic.
Nothing appears to happen.
Found 20 sling bullets.
Your magical contamination has completely faded away.
A hobgoblin comes into view.
You open the door. The endoplasm hits you. The endoplasm freezes you.
You are frozen.
* * * LOW HITPOINT WARNING * * *
There is an open door here.
You open the door. The endoplasm hits you.
* * * LOW HITPOINT WARNING * * *
There is an open door here.
Casting: Foxfire (safe; 10% risk of failure)
Confirm with . or Enter, or press ? or * to list all spells.
You conjure some foxfire!
The endoplasm misses you.
The foxfire hits the endoplasm.
The endoplasm is almost dead.
The foxfire hits the endoplasm.
You kill the endoplasm!
A kobold comes into view. It is wielding a +0 short sword.
Your Dodging skill increases to level 2!
The dart slug launches a dart at you. The slug dart hits you.
You die...

K...... ##'##
....)..#### #.# .
.........# #'# ..
#.......# #.# ..
###.......####'######..
........).+............
####.......####.###...#.
.........ยง.# #...+w..+
###...@...####.###...#
+............# +...+
#........#######...#
###......'.w..w'...#
####...#######...#
#..... ...(.. #......
.....## #...... g.....#
#.............#


You could see a dart slug.

Vanquished Creatures
  A ball python (D:1)
  An endoplasm (D:1)
  A goblin (D:1)
3 creatures vanquished.

Vanquished Creatures (others)
  9 foxfires (D:1)
9 creatures vanquished.

Grand Total: 12 creatures vanquished

Notes
Turn   | Place    | Note
-------+----------+-------------------------------------------
     0 | D:1      | Leibowitz the Demigod Fire Elementalist began the quest for
                  | the Orb.
     0 | D:1      | Reached XP level 1. HP: 14/14 MP: 5/5
    74 | D:1      | Killed from afar by a dart slug

Illustrated notes

Levels and vault maps discovered:
D:1:      minmay_arrival_doors, layout_basic, shapermc_ecumenical_altar_ellora

Skill      XL: |  1 |
---------------+----+-----
Dodging        | 2 |  2.0
Stealth        | |  1.7
Spellcasting   | |  1.8
Conjurations   | |  0.8
Fire Magic     | |  2.8

Action                   || total
-------------------------++-------
Melee: Unarmed           ||     3
 Cast: Foxfire           ||     6
Armor: Robe              ||     2
Dodge: Dodged            ||     9
